 Dungeon Crawl Stone Soup version 0.31-a0-1301-g7e11add784 (webtiles) character file.

Game seed: 15561173508667493209

188 MacCMillion the Chopper (level 5, -5/45 HPs)
             Began as a Minotaur Fighter on Dec 19, 2023.
             Slain by an iguana (8 damage)
             ... on level 4 of the Dungeon.
             The game lasted 00:03:44 (2948 turns).

MacCMillion the Chopper (Minotaur Fighter)          Turns: 2948, Time: 00:03:44

Health: -5/45      AC:  6    Str: 23    XL:     5   Next: 39%
Magic:  4/4        EV:  9    Int:  5    God:
Gold:   156        SH:  4    Dex:  9    Spells: 4/4 levels left

rFire   . . .        a - +0 war axe
rCold   . . .        c - +0 buckler
rNeg    . . .        b - +0 scale mail
rPois   .            (helmet restricted)
rElec   .            (no cloak)
rCorr   .            (no gloves)
SInv    .            (no boots)
Will    .....        (no amulet) Stlth
                     (no ring)
HPRegen 0.27/turn    (no ring)
MPRegen 0.09/turn

%: no passive effects
@: no status effects
A: horns 2, retaliatory headbutt
a: no special abilities


You were on level 4 of the Dungeon.
You visited 1 branch of the dungeon, and saw 4 of its levels.

You collected 156 gold pieces.

Inventory:

Hand Weapons
 a - a +0 war axe (weapon)
Missiles
 e - 9 boomerangs
Armour
 b - a +0 scale mail (worn)
 c - a +0 buckler (worn)
Jewellery
 g - a ring of fire
 p - an amulet of magic regeneration
 t - a ring of protection from cold
Scrolls
 f - 6 scrolls of torment {unknown}
 h - 3 scrolls of identify {unknown}
 k - 2 scrolls of enchant weapon {unknown}
 l - 2 scrolls of poison {unknown}
 n - a scroll of immolation {unknown}
 o - 2 scrolls of teleportation {unknown}
 q - a scroll of noise {unknown}
 s - a scroll of fog {unknown}
Potions
 d - 2 potions of might
 i - 4 potions of curing {unknown}
 j - 2 potions of degeneration {unknown}
 m - a potion of attraction {unknown}
 r - a potion of lignification {unknown}
 u - 2 potions of cancellation {unknown}


   Skills:
 - Level 3.6 Fighting
 + Level 6.7 Axes
 - Level 3.6 Armour
 - Level 4.0 Shields


You had 4 spell levels left.
You didn't know any spells.
Your spell library contained the following spells:

 Spells                   Type           Power      Damage    Failure   Level
 Sting                    Tmut/Pois      0%         1d3       85%         1
 Poisonous Vapours        Pois/Air       0%         N/A       94%         2
 Olgreb's Toxic Radiance  Pois           0%         N/A       100%        4


Dungeon Overview and Level Annotations

Branches:
Dungeon (4/15)
 Temple: D:4-7

Altars:


Innate Abilities, Weirdness & Mutations

You have a pair of horns on your head.
You reflexively headbutt those who attack you in melee.


Message History

The sleepcap is lightly damaged.
You closely miss the goblin.
The sleepcap releases spores at you but does no damage.
The goblin barely misses you. You furiously retaliate!
You headbutt the goblin!
You kill the goblin!
The sleepcap releases spores at you.
You are engulfed in a cloud of soporific spores!
You fall asleep.
The iguana bites you!!
You wake up.
Ouch! That really hurt!
The sleepcap releases spores at you. The hobgoblin hits you.
* * * LOW HITPOINT WARNING * * *
Unknown command.
The sleepcap attacks as it pursues you! You block the sleepcap's attack.
You are too injured to fight recklessly!
You barely miss the iguana.
You headbutt the iguana, but do no damage.
You hit the sleepcap but do no damage. The iguana barely misses you.
The sleepcap completely misses you. You furiously retaliate!
You headbutt the sleepcap! You slash the sleepcap!
The sleepcap is almost destroyed.
You hit the iguana but do no damage. The iguana bites you!
* * * LOW HITPOINT WARNING * * *
The sleepcap releases spores at you.
* * * LOW HITPOINT WARNING * * *
You are engulfed in a cloud of soporific spores!
You are unaffected.
You hit the iguana but do no damage. You hit the sleepcap.
You destroy the sleepcap!
You block the iguana's attack.
You hit the iguana. You headbutt the iguana.
The iguana is heavily wounded.
You hit the hobgoblin.
You kill the hobgoblin!
The iguana bites you but does no damage.
You hit the iguana but do no damage. Your headbutt misses the iguana.
The iguana is heavily wounded.
You block the iguana's attack. The iguana bites you!
You die...

#)..#.##......#.##.##.#
#...#.#..##.###.#.....#
####....###.# ..#######
##..### #(# ###
#...#####.# #.#.#.....#
#..#....###. ##.####[.#
. #......l@# .
#.###.#†## ..
...#).....# >###..
........# #.#......[..#
#.#.........# .
..........#
...........#
............#


You could see an iguana.

Vanquished Creatures
  A sleepcap (D:4)
  An iguana (D:3)
  3 gnolls
  An adder (D:2)
  A worm (D:3)
  6 orcs (D:3)
  8 endoplasms
  2 giant cockroaches
  10 goblins
  6 hobgoblins
  8 kobolds
  3 quokkas (D:2)
  4 ball pythons
  6 bats
  7 frilled lizards
  26 rats
93 creatures vanquished.

Notes
Turn   | Place    | Note
-------+----------+-------------------------------------------
     0 | D:1      | MacCMillion the Minotaur Fighter began the quest for the
                  | Orb.
     0 | D:1      | Reached XP level 1. HP: 19/19 MP: 0/0
   104 | D:1      | Reached skill level 3 in Axes
   104 | D:1      | Reached XP level 2. HP: 23/26 MP: 1/1
  1033 | D:1      | Reached skill level 4 in Axes
  1033 | D:1      | Reached XP level 3. HP: 22/31 MP: 2/2
  1452 | D:2      | Reached skill level 5 in Axes
  1464 | D:2      | Reached XP level 4. HP: 39/39 MP: 3/3
  2241 | D:3      | Reached skill level 6 in Axes
  2241 | D:3      | Reached XP level 5. HP: 36/45 MP: 4/4
  2673 | D:3      | Found a faded altar of an unknown god.
  2945 | D:4      | HP: 2/45 [sleepcap (3)]
  2948 | D:4      | Slain by an iguana

Illustrated notes

Levels and vault maps discovered:
D:1:      saegor_arrival_fortress, layout_rooms, minmay_hedge_maze
D:2:      layout_basic, hangedman_feature_mirror, minmay_rat_hole
D:3:      layout_basic, chequers_ecumenical_altar_lobes, kennysheep_flooded_box
D:4:      layout_basic, uniq_sigmund

Skill      XL: |  1  2  3  4 |
---------------+-------------+-----
Shields        | 4 |  4.0
Axes           | 3 4 5 6 |  6.7
Fighting       | |  3.6
Armour         | |  3.6

Action                     |  1- 3 |  4- 6 || total
---------------------------+-------+-------++-------
  Melee: War axe           |    68 |   107 ||   175
         Headbutt          |     8 |    15 ||    23
 Armour: Scale mail        |    53 |    60 ||   113
  Dodge: Dodged            |    38 |    37 ||    75
  Block: Buckler           |    15 |    18 ||    33

Table legend: (Time is in decaauts)
 A = Elapsed time spent in this place.
 B = Non-inter-level travel time spent in this place.
 C = Inter-level travel time spent in this place.
 D = Time resting spent in this place.
 E = Time spent auto-exploring this place.
 F = Levels seen in this place.
 G = Mean time per level.
                   A        B        C        D        E       F      G
               +--------+--------+--------+--------+--------+-----+--------+
         Total |   3001 |   2938 |     63 |    443 |   1997 |   4 |  750.2 |
       Dungeon |   3001 |   2938 |     63 |    443 |   1997 |   4 |  750.2 |
               +--------+--------+--------+--------+--------+-----+--------+

Top non-repeatable levels by time:
     D:1: 1103 daAuts
     D:2: 941 daAuts
     D:3: 743 daAuts
     D:4: 213 daAuts
